 Dungeon Crawl Stone Soup version 0.18-a0-1577-gf591c28 (webtiles) character file.

240 M4edhros the Vandal (level 6, 0/39 HPs)
             Began as an Octopode Hunter on Mar 19, 2016.
             Slain by a giant cockroach (2 damage)
             ... on level 4 of the Dungeon.
             The game lasted 00:04:07 (3536 turns).

M4edhros the Vandal (Octopode Hunter)               Turns: 3536, Time: 00:04:08

Health: 0/39       AC:  1    Str:  9 (11) XL:     6   Next: 8%
Magic:  4/4        EV: 12    Int: 13 (15) God:
Gold:   168        SH:  0    Dex: 11 (13) Spells: 0 memorised, 5 levels left

rFire  . . .     SeeInvis .     b - +0 short sword
rCold  . . .     Gourm    .     (no shield)
rNeg   . . .     Faith    .     (helmet restricted)
rPois  .         Spirit   .     (no amulet)
rElec  .         Dismiss  .     l - ring of wizardry
rCorr  .         Reflect  .     (no ring)
SustAt .         Harm     .     (no ring)
MR     .....                    (no ring)
Stlth  +++.......               (no ring)
                                (no ring)
                                (no ring)
                                (no ring)

@: not resistant to hostile enchantments, fairly stealthy
A: almost no armour, amphibious, 8 rings, constrict 8, camouflage 1, low mp 3,
gelatinous body 1
a: no special abilities


You were on level 4 of the Dungeon.
You were not hungry.

You visited 1 branch of the dungeon, and saw 4 of its levels.

You collected 168 gold pieces.

Inventory:

Hand Weapons
 a - a +1 hunting sling
 b - a +0 short sword (weapon)
Missiles
 c - 18 sling bullets
 f - 79 stones (quivered)
Jewellery
 l - a ring of wizardry (left tentacle)
Scrolls
 e - a scroll of remove curse {unknown}
 g - a scroll of teleportation {unknown}
 i - a scroll of noise {unknown}
 j - 2 scrolls of magic mapping {unknown}
 o - a scroll of recharging {unknown}
 q - a scroll of identify {unknown}
Potions
 n - 2 potions of brilliance
 r - a potion of degeneration
Comestibles
 d - a bread ration
 k - a chunk of flesh
 m - a meat ration
 p - a slice of pizza


   Skills:
 - Level 2.0 Fighting
 + Level 7.1 Slings
 - Level 2.0 Dodging
 - Level 1.3 Stealth


You had 5 spell levels left.
You didn't know any spells.

Dungeon Overview and Level Annotations

Branches:
Dungeon (4/15)
 Temple: D:4-7

Altars:
Gozag
Okawaru
Qazlal


Innate Abilities, Weirdness & Mutations

You cannot wear most types of armour.
You are amphibious.
You can wear up to eight rings at the same time.
You can use your tentacles to constrict eight enemies at once.
Your skin changes colour to match your surroundings (Stealth).
Your rubbery body absorbs attacks (AC +1).
Your magical capacity is extremely low (-30% MP).


Message History

You constrict the hound. The hound bites you.
* * * LOW HITPOINT WARNING * * *
You hit the hound.
You kill the hound!
Your Slings skill increases to level 7!
You have reached level 6!
Your experience leads to an increase in your attributes!
Your base attributes are Str 11, Int 15, Dex 12.
Increase (S)trength, (I)ntelligence, or (D)exterity?
You feel agile.
You feel your intelligence returning.
Drink which item? (? for menu, Esc to quit)
Okay, then.
You aren't carrying any items that can be evoked.
Sorry, you're not good enough to have a special ability.
Read which item? (? for menu, Esc to quit)
Okay, then.
You barely miss the giant cockroach. Your grab misses the giant cockroach.
The giant cockroach bites you.
You die...

##.... ...#.. ...#.#
......##..#. ##.#.##
........... #.....#
#........# #<....+ ######
#........# #.....# #.....
#........# #.....# #.####
#.......# +.....###.####
#.......########.........#...
#####....wws@..#......####.##
#.....####.##..........#
#....)%+...........######
#........######......#
#.#.##+##. #......# ...#. .#
#......# .# #. .# ######## .#


You could see 2 worms and a giant cockroach.

Vanquished Creatures
  A scorpion (D:4)
  2 hounds
  A worker ant zombie (D:3)
  5 adders
  An ooze (D:3)
  3 worms
  2 dart slugs (D:1)
  2 giant geckos
  5 orcs (D:3)
  A ball python (D:3)
  3 bats
  3 giant cockroaches
  9 goblins
  7 hobgoblins
  5 kobolds
  5 giant newts
  A jackal skeleton (D:4)
  A rat (D:1)
57 creatures vanquished.

Notes
Turn   | Place    | Note
--------------------------------------------------------------
     0 | D:1      | M4edhros the Octopode Hunter began the quest for the Orb.
     0 | D:1      | Reached XP level 1. HP: 14/14 MP: 1/1
   128 | D:1      | Reached XP level 2. HP: 17/19 MP: 2/2
   538 | D:1      | Reached XP level 3. HP: 18/24 MP: 3/3
   787 | D:2      | Found an opulent altar of Gozag.
   898 | D:2      | Found an iron altar of Okawaru.
   917 | D:2      | Reached skill level 5 in Slings
  1028 | D:2      | Found a stormy altar of Qazlal.
  1608 | D:2      | Reached XP level 4. HP: 4/29 MP: 4/4
  1861 | D:3      | Reached skill level 6 in Slings
  2336 | D:3      | Reached XP level 5. HP: 34/34 MP: 5/5
  2437 | D:3      | Noticed a hippogriff
  3213 | D:4      | Gained mutation: Your magical capacity is low (-10% MP). [potion of mutation]
  3213 | D:4      | Gained mutation: Your magical capacity is very low (-20% MP). [potion of mutation]
  3213 | D:4      | Gained mutation: Your magical capacity is extremely low (-30% MP). [potion of mutation]
  3533 | D:4      | HP: 1/34 [hound (1)]
  3534 | D:4      | Reached skill level 7 in Slings
  3534 | D:4      | Reached XP level 6. HP: 1/39 MP: 4/4
  3536 | D:4      | Slain by a giant cockroach

Vault maps used:
D:1:      minmay_arrival_three_doors
D:2:      okawaru_trees_2, nicolae_qazlal_general_emergency, dk_noncrumbling_4,
          minivault_11, nicolae_gozag_cash_rules_everything_around_me
D:3:      first_bread, minmay_bisected, uniq_robin

Skill      XL: |  1  2  3  4  5 |
---------------+----------------+-----
Slings         | 5 6 7 |  7.1
Fighting       | |  2.0
Dodging        | |  2.0
Stealth        | |  1.3

Action                   |  1- 3 |  4- 6 || total
-------------------------+-------+-------++-------
Melee: Short sword       |    59 |    87 ||   146
 Fire: Hunting sling     |     3 |    18 ||    21
  Use: Potion            |     1 |    10 ||    11
 Stab: Sleeping          |    10 |     5 ||    15
  Eat: Chunk             |     1 |     7 ||     8
